 Dungeon Crawl Stone Soup version 0.29-a0-380-gf50f0a9fbc (webtiles) character file.

Game seed: 1874744823215381617

227 ytrimaz the Covered (level 5, 0/42 HPs)
             Began as a Demonspawn Fighter on May 5, 2022.
             Succumbed to a gnoll's poison
             ... on level 3 of the Dungeon.
             The game lasted 00:03:04 (2491 turns).

ytrimaz the Covered (Demonspawn Fighter)            Turns: 2491, Time: 00:03:04

Health: 0/42       AC:  7    Str: 18    XL:     5   Next: 70%
Magic:  1/5        EV:  9    Int: 10    God:
Gold:   118        SH:  4    Dex: 12    Spells: 4/4 levels left

rFire   . . .      SeeInvis .   a - +0 rapier
rCold   . . .      Faith    .   i - orb {*Rage}
rNeg    . . .      Spirit   .   b - +0 scale mail
rPois   .          Reflect  .   (helmet restricted)
rElec   .          Harm     .   (no cloak)
rCorr   .          Rampage  .   (no gloves)
Will    .....      Rage     20% (no boots)
Stlth   ..........              (no amulet)
HPRegen 0.14/turn               (no ring)
MPRegen 0.09/turn               (no ring)

@: lethally poisoned (0 -> -17), on berserk cooldown, slowed, very slow
A: antennae 1, foul stench 1, condensation shield
a: no special abilities


You were on level 3 of the Dungeon.
You visited 1 branch of the dungeon, and saw 3 of its levels.

You collected 118 gold pieces.

Inventory:

Hand Weapons
 a - a +0 rapier (weapon)
Armour
 b - a +0 scale mail (worn)
 c - a +0 buckler
 i - an orb of wrath (worn)
Jewellery
 g - a ring of magical power
 t - a +4 ring of protection
Scrolls
 f - a scroll of enchant weapon
 h - a scroll of silence
 j - a scroll of magic mapping
 l - a scroll of summoning
 o - a scroll of identify
 q - a scroll of immolation
 s - a scroll of noise
Potions
 d - 2 potions of might
 e - a potion of degeneration
 k - 3 potions of curing
 m - a potion of lignification
 n - a potion of brilliance {unknown}
 p - a potion of magic {unknown}
 r - a potion of berserk rage {unknown}


   Skills:
 + Level 3.8 Fighting
 + Level 3.8 Short Blades
 + Level 4.1 Armour
 - Level 2.8 Shields


You had 4 spell levels left.
You didn't know any spells.
Your spell library was empty.

Dungeon Overview and Level Annotations

Branches:
Dungeon (3/15)

Altars:


Innate Abilities, Weirdness & Mutations

You have a pair of small antennae on your head.
You may rarely emit foul miasma when damaged in melee.
A meltable shield of frost defends you. (SH +4)


Message History

Calm down first, please.
Found a scroll labelled OLAL FOKHLE.
You feel your anger nearly subside.
You are no longer berserk.
You are exhausted.
You feel yourself slow down.
Found a pair of gloves.
You see here a book of Changes.
The gnoll attacks as you move away!
The gnoll hits you with a +0 antimagic whip.
You feel your power leaking away.
The gnoll hits you with a +0 antimagic whip.
You feel your power leaking away. The gnoll misses you.
The gnoll barely misses you. The gnoll closely misses you.
The gnoll shouts!
The gnoll hits you with a +0 antimagic whip.
* * * LOW HITPOINT WARNING * * *
You feel your power leaking away.
You emit a cloud of foul miasma!
The gnoll hits you with a +0 halberd of venom!
* * * LOW HITPOINT WARNING * * *
You are lethally poisoned!
You feel better.
The gnoll is engulfed in dark miasma.
The gnoll is poisoned.
The gnoll hits you with a +0 antimagic whip!
* * * LOW HITPOINT WARNING * * *
The gnoll closely misses you.
The gnoll is engulfed in dark miasma.
The gnoll looks even sicker.
The gnoll drinks a potion.
The gnoll is healed!
The gnoll looks more healthy.
The gnoll hits you but does no damage.
You are lethally poisoned!
You feel better. The gnoll closely misses you.
The gnoll hits you with a +0 halberd of venom.
* * * LOW HITPOINT WARNING * * *
You are poisoned.
The gnoll is engulfed in dark miasma.
The gnoll is poisoned.
The gnoll seems to slow down.
The gnoll hits you but does no damage. The gnoll attacks as you move away!
The gnoll hits you with a +0 halberd of venom.
* * * LOW HITPOINT WARNING * * *
You are more poisoned.
You die...

### ... ...[. #.#
...... #.### .. ..?..
#@g.# .# ##.#. #.#.#
#.#$##....#####g# # ..
..........:g#.#
#.##.##.......)....##
w..S...................
{g# ##...##.#####.####


gg# ###...<..####...# ..###................. You could see 3 gnolls.

Vanquished Creatures
  Sigmund (D:3)
  2 gnolls
  An adder (D:2)
  An orc (D:3)
  3 endoplasms
  5 goblins
  2 hobgoblins (D:2)
  5 kobolds
  6 ball pythons
  5 bats
  A frilled lizard (D:2)
  6 rats
38 creatures vanquished.

Notes
Turn   | Place    | Note
-------+----------+-------------------------------------------
     0 | D:1      | ytrimaz the Demonspawn Fighter began the quest for the Orb.
     0 | D:1      | Reached XP level 1. HP: 18/18 MP: 1/1
   489 | D:1      | Found a faded altar of an unknown god.
   595 | D:1      | Reached skill level 3 in Armour
   595 | D:1      | Gained mutation: You have a pair of small antennae on your
                  | head. [demonic ancestry]
   595 | D:1      | Reached XP level 2. HP: 18/24 MP: 2/2
  1180 | D:2      | Reached XP level 3. HP: 29/29 MP: 3/3
  2186 | D:3      | Noticed Sigmund
  2192 | D:3      | Killed Sigmund
  2193 | D:3      | Reached skill level 4 in Armour
  2193 | D:3      | Gained mutation: A meltable shield of frost defends you.
                  | (SH +4) [demonic ancestry]
  2193 | D:3      | Reached XP level 4. HP: 37/37 MP: 4/4
  2193 | D:3      | Gained mutation: You may rarely emit foul miasma when
                  | damaged in melee. [demonic ancestry]
  2193 | D:3      | Reached XP level 5. HP: 42/42 MP: 5/5
  2488 | D:3      | HP: 1/42 [gnoll/+0 halberd of venom (8)]
  2491 | D:3      | Succumbed to a gnoll's poison

Illustrated notes

Levels and vault maps discovered:
D:1:      dpeg_arrival_erosion, layout_loops_ring,
          ebering_ecumenical_altar_petrified
D:2:      layout_loops_cross, kennysheep_generic_room_4
D:3:      layout_loops_ring, uniq_sigmund

Skill      XL: |  1  2  3 |
---------------+----------+-----
Short Blades   | 2 3 |  3.8
Armour         | 3 4 |  4.1
Fighting       | |  3.8
Shields        | |  2.8

Action                   |  1- 3 |  4- 6 || total
-------------------------+-------+-------++-------
Melee: Rapier            |    90 |    29 ||   119
  Use: Scroll            |     9 |       ||     9
       Potion            |       |     2 ||     2
Armor: Scale mail        |    42 |    10 ||    52
Dodge: Dodged            |    65 |    32 ||    97
Block: Buckler           |     9 |       ||     9
       Orb               |       |     4 ||     4

Table legend: (Time is in decaauts)
 A = Elapsed time spent in this place.
 B = Non-inter-level travel time spent in this place.
 C = Inter-level travel time spent in this place.
 D = Time resting spent in this place.
 E = Time spent auto-exploring this place.
 F = Levels seen in this place.
 G = Mean time per level.
                   A        B        C        D        E       F      G
               +--------+--------+--------+--------+--------+-----+--------+
         Total |   2606 |   2511 |     95 |    452 |   1558 |   3 |  868.7 |
       Dungeon |   2606 |   2511 |     95 |    452 |   1558 |   3 |  868.7 |
               +--------+--------+--------+--------+--------+-----+--------+

Top non-repeatable levels by time:
     D:2: 1391 daAuts
     D:1: 866 daAuts
     D:3: 348 daAuts
